 Dungeon Crawl Stone Soup version 0.30.1 (webtiles) character file.

Game seed: 3253506706106815509

763 Destapler the Chiller (level 7, 0/48 (50) HPs)
             Began as a Demonspawn Ice Elementalist on July 5, 2023.
             Slain by an orc priest
             ... wielding a +0 trident
              (3 damage)
             ... on level 5 of the Dungeon.
             The game lasted 00:35:29 (4802 turns).

Destapler the Chiller (Demonspawn Ice Elementalist) Turns: 4802, Time: 00:35:31

HP:   0/48 (50)     AC:  3    Str:  8    XL:     7   Next: 51%
MP:   0/12          EV: 15    Int: 19    God:
Gold: 196           SH:  0    Dex: 19    Spells: 4/13 levels left

rFire   . . .        a - staff of cold
rCold   + . .        (no shield)
rNeg    . . .        d - +0 robe
rPois   .            g - +0 helmet
rElec   .            (no cloak)
rCorr   .            (no gloves)
SInv    .            (no boots)
Will    .....        (no amulet)
Stlth   +++          p - +6 ring of dexterity
HPRegen 0.28/turn    (no ring)
MPRegen 0.13/turn

%: no passive effects
@: freezing walls, lightly drained
A: hooves 2, repulsion field 1, ignite blood 1, mutation resistance 1, wild
magic 1, inability to read after injury 1
a: no special abilities


You were on level 5 of the Dungeon.
You visited 1 branch of the dungeon, and saw 5 of its levels.

You collected 196 gold pieces.

Inventory:

Hand Weapons
 b - a +2 rapier of venom
 r - a +0 short sword of speed
Armour
 d - a +0 robe (worn)
 g - a +0 helmet (worn)
Magical Staves
 a - a staff of cold (weapon)
Jewellery
 p - a +6 ring of dexterity (left hand)
Wands
 k - a wand of charming (3)
 t - a wand of digging (6)
Scrolls
 e - a scroll of teleportation
 h - a scroll of enchant armour {unknown}
 i - a scroll of magic mapping {unknown}
 l - a scroll of fog {unknown}
 m - a scroll of poison {unknown}
 o - a scroll of fear {unknown}
 q - 3 scrolls of noise
 u - a scroll of identify
Potions
 c - 2 potions of curing
 n - 2 potions of flight {unknown}
 s - 3 potions of attraction {unknown}
 v - a potion of heal wounds {unknown}


   Skills:
 * Level 2.2 Fighting
 + Level 1.9 Short Blades
 + Level 1.7 Staves
 - Level 1.0 Armour
 + Level 2.9 Dodging
 - Level 3.0 Stealth
 - Level 1.0 Shields
 * Level 3.8 Spellcasting
 - Level 2.0 Hexes
 - Level 2.0 Summonings
 - Level 1.0 Necromancy
 - Level 1.0 Translocations
 - Level 4.0 Ice Magic
 - Level 1.0 Invocations
 + Level 1.1 Evocations


You had 4 spell levels left.
You knew the following spells:

 Your Spells              Type           Power      Damage    Failure   Level
a - Freeze                Ice            100%       1d10      4%          1
b - Ensorcelled Hibernat  Hex/Ice        58%        N/A       10%         2
c - Ozocubu's Armour      Ice            36%        N/A       13%         3
d - Frozen Ramparts       Ice            72%        1d11      13%         3

Your spell library contained the following spells:

 Spells                   Type           Power      Damage    Failure   Level
 Sandblast                Erth           8%         2d5       21%         1
 Passwall                 Tmut/Erth      3%         N/A       30%         2
 Stone Arrow              Conj/Erth      8%         3d7       47%         3
 Swiftness                Air            4%         N/A       47%         3
 Summon Ice Beast         Ice/Summ       29%        N/A       47%         4


Dungeon Overview and Level Annotations

Branches:
Dungeon (5/15)
 Temple: D:4-7

Altars:
Fedhas
Qazlal

Shops:
D:3 =

Annotations:
D:3 Grinder


Innate Abilities, Weirdness & Mutations

You have hoof-like feet.
You are surrounded by a mild repulsion field. (EV +2)
Your demonic aura sometimes causes spilled blood to erupt in flames.
You are somewhat resistant to further mutation.
Your spells are a little harder to cast, but a little more powerful.
You occasionally lose the ability to read scrolls when taking damage.


Message History

The orc priest calls upon Beogh to heal the orc.
The orc's wounds heal themselves!
You hit the orc. You kick the orc.
The orc is heavily wounded.
The orc hits you but does no damage. The orc priest closely misses you.
You closely miss the orc. Your kick misses the orc.
The orc is heavily wounded.
The orc priest mumbles some strange prayers to Beogh against you.
Beogh smites you!
* * * LOW HITPOINT WARNING * * *
The orc misses you.
You hit the orc. Your kick misses the orc.
The orc is heavily wounded.
The orc misses you.
The orc priest looks satisfied for a moment.
You barely miss the orc. You kick the orc.
The orc is severely wounded.
Your icy armour evaporates.
The orc closely misses you. The orc priest completely misses you.
The orc priest mumbles some strange prayers to Beogh against you.
Beogh smites you!
You feel threatened and lose the ability to read scrolls!
* * * LOW HITPOINT WARNING * * *
You see here an adder corpse.
You can read scrolls again.
Blink to where?
Press: ? - help, Dir - move target
As you read the scroll labelled ROESTR YFACK, it crumbles to dust.
It was a scroll of blinking.
The orc priest completely misses you. The orc hits you with a +0 flail.
* * * LOW HITPOINT WARNING * * *
Casting: Freeze (safe; 4% risk of failure)
Confirm with . or Enter, or press ? or * to list all spells.
Casting: Frozen Ramparts (dangerous; 13% risk of failure)
Press: ? - help, Dir - look around, f - activate You feel a surge of power!
The walls around you are covered in ice.
The wall freezes the orc priest.
The orc priest hits you with a +0 trident.
You die...

##### #...#
########...#
#######.o†oo@....#
#.......#####o...#
..####### #....#
##)#### ###..#
###...## ##...###
##..###
#..#######..


You could see an orc priest and 3 orcs.

Vanquished Creatures
  Sigmund (D:2)
  Menkaure (D:4)
  An ogre (D:4)
  A scorpion (D:5)
  2 hounds
  An orc priest (D:3)
  A sleepcap (D:4)
  Ijyb (D:3)
  Terence (D:3)
  An orc wizard (D:5)
  Robin (D:4)
  4 adders
  An ufetubus (D:5)
  A worm (D:1)
  A dart slug (D:3)
  13 orcs
  5 ball pythons
  2 bats
  7 endoplasms
  3 giant cockroaches
  12 goblins
  7 hobgoblins
  3 jackals (D:2)
  2 quokkas
  3 frilled lizards
  6 kobolds
  3 rats (D:1)
85 creatures vanquished.

Notes
Turn   | Place    | Note
-------+----------+-------------------------------------------
     0 | D:1      | Destapler the Demonspawn Ice Elementalist began the quest
                  | for the Orb.
     0 | D:1      | Reached XP level 1. HP: 13/13 MP: 3/3
   280 | D:1      | Gained mutation: You are surrounded by a mild repulsion
                  | field. (EV +2) [demonic ancestry]
   280 | D:1      | Reached XP level 2. HP: 19/19 MP: 1/5
   570 | D:1      | Learned a level 2 spell: Ensorcelled Hibernation
  1494 | D:2      | Gained mutation: Your demonic aura sometimes causes spilled
                  | blood to erupt in flames. [demonic ancestry]
  1494 | D:2      | Reached XP level 3. HP: 25/25 MP: 0/6
  1565 | D:2      | Learned a level 3 spell: Ozocubu's Armour
  1856 | D:2      | Noticed Sigmund
  1870 | D:2      | Killed Sigmund
  1871 | D:2      | Reached skill level 1 in Fighting
  1871 | D:2      | Reached skill level 1 in Hexes
  1871 | D:2      | Reached skill level 1 in Necromancy
  1871 | D:2      | Reached skill level 1 in Invocations
  1871 | D:2      | Gained mutation: You have large cloven feet. [demonic
                  | ancestry]
  1871 | D:2      | Reached XP level 4. HP: 30/32 MP: 1/7
  1871 | D:2      | Reached XP level 5. HP: 35/37 MP: 1/8
  2220 | D:3      | Learned a level 3 spell: Frozen Ramparts
  2228 | D:3      | Reached skill level 1 in Short Blades
  2229 | D:3      | Reached skill level 1 in Shields
  2229 | D:3      | Reached skill level 1 in Evocations
  2402 | D:3      | Reached skill level 1 in Translocations
  2460 | D:3      | Noticed Terence
  2553 | D:3      | Killed Terence
  2554 | D:3      | Reached skill level 1 in Summonings
  2554 | D:3      | Reached XP level 6. HP: 35/43 MP: 0/10
  2685 | D:3      | Found Lopy's Jewellery Emporium.
  2751 | D:3      | Found a blossoming altar of Fedhas.
  2881 | D:3      | Noticed Ijyb
  2890 | D:3      | Killed Ijyb
  2891 | D:3      | Reached skill level 1 in Staves
  2979 | D:3      | Found a stormy altar of Qazlal.
  3444 | D:4      | Reached skill level 1 in Armour
  3477 | D:4      | Noticed Grinder
  3484 | D:4      | Noticed Menkaure
  3670 | D:4      | Killed Menkaure
  3671 | D:4      | Reached skill level 4 in Ice Magic
  4019 | D:4      | Reached XP level 7. HP: 49/49 MP: 0/11
  4139 | D:4      | Noticed Robin
  4145 | D:4      | Killed Robin
  4405 | D:3      | Paralysed by Grinder for 3 turns
  4605 | D:5      | Entered Level 5 of the Dungeon
  4790 | D:5      | Gained mutation: You are frail. (-10% HP) [potion of
                  | mutation]
  4791 | D:5      | Lost mutation: You are frail. (-10% HP) [potion of
                  | mutation]
  4791 | D:5      | Gained mutation: Your spells are a little harder to cast,
                  | but a little more powerful. [potion of mutation]
  4791 | D:5      | Gained mutation: You occasionally lose the ability to read
                  | scrolls when taking damage. [potion of mutation]
  4791 | D:5      | Gained mutation: You have hoof-like feet. [potion of
                  | mutation]
  4791 | D:5      | Gained mutation: You are somewhat resistant to further
                  | mutation. [potion of mutation]
  4801 | D:5      | HP: 2/48 [orc/+0 flail (4)]
  4802 | D:5      | Slain by an orc priest

Illustrated notes

Levels and vault maps discovered:
D:1:      wander_arrival_estate, layout_loops_corners
D:2:      layout_basic, hangedman_decor_points, uniq_sigmund
D:3:      layout_basic, fedhas_altar_fruit_tree,
          nicolae_qazlal_general_emergency, serial_shops,
          nicolae_shop_tiny_statue_garden, uniq_ijyb, uniq_terence
D:4:      layout_rooms, serial_curves, eino_curves_04, eino_curves_03,
          nicolae_titane, uniq_grinder, uniq_menkaure, uniq_robin
D:5:      layout_rooms, yredelemnul_altar_generic

Skill      XL: |  1  2  3  4  5  6  7 |
---------------+----------------------+-----
Stealth        | 2 3 |  3.0
Dodging        | 2 |  2.9
Fighting       | 1 2 |  2.2
Hexes          | 1 2 |  2.0
Necromancy     | 1 |  1.0
Invocations    | 1 |  1.0
Short Blades   | 1 |  1.9
Shields        | 1 |  1.0
Evocations     | 1 |  1.1
Translocations | 1 |  1.0
Summonings     | 1 2 |  2.0
Staves         | 1 |  1.7
Armour         | 1 |  1.0
Spellcasting   | 3 |  3.8
Ice Magic      | 4 |  4.0

Action                     |  1- 3 |  4- 6 |  7- 9 || total
---------------------------+-------+-------+-------++-------
  Melee: Unarmed           |     1 |       |       ||     1
         Short sword       |    29 |       |       ||    29
         Staff             |     2 |    11 |    18 ||    31
         Kick              |       |     4 |     5 ||     9
   Cast: Freeze            |    43 |    51 |    21 ||   115
         Ensorcelled Hiber |    11 |       |       ||    11
         Ozocubu's Armour  |     1 |     7 |     4 ||    12
         Frozen Ramparts   |       |     9 |     6 ||    15
  Evoke: Wand              |       |       |     2 ||     2
    Use: Potion            |     1 |     1 |     2 ||     4
         Scroll            |       |     3 |     1 ||     4
   Stab: Sleeping          |     5 |     1 |       ||     6
 Armour: Robe              |     8 |    14 |     7 ||    29
  Dodge: Dodged            |    35 |    42 |    44 ||   121
